 Dungeon Crawl Stone Soup version 0.27-a0-1200-g94dc6ad4cf (webtiles) character file.

Game seed: 17771748665217707521

8 polve the Skirmisher (level 2, 0/24 HPs)
             Began as a Demonspawn Abyssal Knight on May 30, 2021.
             Was an Initiate of Lugonu.
             Slain by a rat (3 damage)
             ... on level 1 of the Dungeon.
             The game lasted 00:00:29 (556 turns).

polve the Skirmisher (Demonspawn Abyssal Knight)     Turns: 556, Time: 00:00:30

Health: 0/24       AC:  4    Str: 12    XL:     2   Next: 0%
Magic:  3/3        EV: 11    Int: 13    God:    Lugonu [......]
Gold:   9          SH:  0    Dex: 12    Spells: 1/1 levels left

rFire    . . .     SeeInvis .   a - +1 short sword
rCold    . . .     Faith    .   (no shield)
rNeg     . . .     Spirit   .   b - +0 leather armour
rPois    .         Reflect  .   (no helmet)
rElec    .         Harm     .   (no cloak)
rCorr    .         Rampage  .   e - +0 pair of gloves
Will     .....                  (no boots)
Stlth    +.........             (no amulet)
HPRegen  0.08/turn              (no ring)
MPRegen  0.08/turn              (no ring)

@: no status effects
A: hooves 1
a: Renounce Religion


You were on level 1 of the Dungeon.
You worshipped Lugonu.
Lugonu was noncommittal.
You visited 1 branch of the dungeon, and saw 1 of its levels.
You visited the Abyss 1 time.

You collected 9 gold pieces.

Inventory:

Hand Weapons
 a - a +1 short sword (weapon)
Armour
 b - a +0 leather armour (worn)
 e - a +0 pair of gloves (worn)
Potions
 c - a potion of curing {unknown}
 d - a potion of berserk rage {unknown}


   Skills:
 - Level 3.0 Fighting
 + Level 2.5 Short Blades
 - Level 1.7 Armour
 - Level 0.8 Dodging
 - Level 2.4 Invocations


You had one spell level left.
You didn't know any spells.
Your spell library was empty.

Dungeon Overview and Level Annotations

Branches:
Dungeon (1/15)

Altars:

Shops:
D:1 (


Innate Abilities, Weirdness & Mutations

You have large cloven feet.


Message History

The rat closely misses you. The rat barely misses you.
The rat closely misses you. The rat misses you. The rat bites you.
The rat barely misses you. The rat closely misses you. The rat bites you.
The rat bites you but does no damage. The rat closely misses you.
The rat completely misses you. The rat barely misses you.
The rat closely misses you. The rat barely misses you.
The rat closely misses you. The rat barely misses you.
The rat closely misses you. The rat bites you.
* * * LOW HITPOINT WARNING * * *
The rat closely misses you. The rat misses you. The rat bites you.
* * * LOW HITPOINT WARNING * * *
The rat closely misses you. The rat bites you.
* * * LOW HITPOINT WARNING * * *
The rat closely misses you. The rat barely misses you.
The rat bites you but does no damage. The rat bites you but does no damage.
The rat barely misses you. The rat barely misses you.
The rat closely misses you. The rat completely misses you.
The rat bites you but does no damage. The rat closely misses you.
The rat bites you but does no damage. The rat bites you but does no damage.
The rat bites you.
You die...

#.# #####. #.
#.. ....... ..
######. #. ##
#. # #. # #.
######### #
#r####.(.....#
#
#.@....#####.#
#### ########
#.# #... #.#
#.## #.# #.#
#.###.#
#.....#
#######


You could see a rat.

Vanquished Creatures
  3 endoplasms (D:1)
  A goblin (D:1)
  A hobgoblin (D:1)
  A bat (D:1)
  A frilled lizard (D:1)
7 creatures vanquished.

Notes
Turn   | Place    | Note
-------+----------+-------------------------------------------
     0 | Abyss:1  | polve the Demonspawn Abyssal Knight began the quest for the
                  | Orb.
     0 | Abyss:1  | Reached XP level 1. HP: 18/18 MP: 2/2
   138 | Abyss:1  | Found a corrupted altar of Lugonu.
   145 | Abyss:1  | Noticed a large abomination
   147 | Abyss:1  | Noticed a wretched star
   151 | D:1      | Escaped the Abyss
   273 | D:1      | Found Koneklanam's Antique Weapon Shoppe.
   443 | D:1      | Gained mutation: You have large cloven feet. [demonic
                  | ancestry]
   443 | D:1      | Reached XP level 2. HP: 23/24 MP: 3/3
   556 | D:1      | Slain by a rat

Illustrated notes

Levels and vault maps discovered:
D:1:      dpeg_arrival_round_b, layout_loops_ring, serial_shops, shop

Skill      XL: |  1 |
---------------+----+-----
Short Blades   | 2 |  2.5
Fighting       | |  3.0
Armour         | |  1.7
Dodging        | |  0.8
Invocations    | |  2.4

Action                   || total
-------------------------++-------
Melee: Short sword       ||    25
Invok: Depart the Abyss  ||     1
Armor: Leather armour    ||    26
Dodge: Dodged            ||    64

Table legend: (Time is in decaauts)
 A = Elapsed time spent in this place.
 B = Non-inter-level travel time spent in this place.
 C = Inter-level travel time spent in this place.
 D = Time resting spent in this place.
 E = Time spent auto-exploring this place.
 F = Levels seen in this place.
 G = Mean time per level.
                   A        B        C        D        E       F      G
               +--------+--------+--------+--------+--------+-----+--------+
         Total |    555 |    555 |      0 |      0 |    392 |   2 |  277.5 |
       Dungeon |    404 |    404 |      0 |      0 |    247 |   1 |  404.0 |
         Abyss |    151 |    151 |      0 |      0 |    145 |   1 |  151.0 |
               +--------+--------+--------+--------+--------+-----+--------+

Top non-repeatable levels by time:
     D:1: 404 daAuts
 Abyss:1: 151 daAuts
